 Dungeon Crawl Stone Soup version 0.27-a0-978-g2aa4ecdaef (webtiles) character file.

Game seed: 940524113270069613

817 tardwrangler69 the Chiller (level 7, -4/50 HPs)
             Began as a Red Draconian Ice Elementalist on Apr 14, 2021.
             Slain by an iguana (7 damage)
             ... on level 4 of the Dungeon.
             The game lasted 00:06:59 (4987 turns).

tardwrangler69 the Chiller (DrIE)                   Turns: 4987, Time: 00:07:00

Health: -4/50      AC: 10    Str: 11    XL:     7   Next: 62%
Magic:  13/13      EV: 12    Int: 17    God:
Gold:   24         SH:  4    Dex: 11    Spells: 7/14 levels left

rFire    + . .     SeeInvis .   p - +0 trident
rCold    . . .     Faith    .   i - +0 buckler
rNeg     . . .     Spirit   .   (armour unavailable)
rPois    +         Reflect  .   (helmet restricted)
rElec    .         Harm     .   (no cloak)
rCorr    .         Rampage  .   (no gloves)
Will     .....                  (no boots)
Stlth    ++........             (no amulet)
HPRegen  0.16/turn              f - ring of poison resistance
MPRegen  0.13/turn              m - +4 ring of protection

@: no status effects
A: breathe fire, AC +6, unfitting armour, fire resistance 1, cold-blooded
a: Breathe Fire


You were on level 4 of the Dungeon.
You visited 1 branch of the dungeon, and saw 4 of its levels.

You collected 84 gold pieces.
You spent 60 gold pieces at shops.

Inventory:

Hand Weapons
 p - a +0 trident (weapon)
Armour
 i - a +0 buckler (worn)
Jewellery
 f - a ring of poison resistance (left hand)
 m - a +4 ring of protection (right hand)
Wands
 c - a wand of flame (13)
 k - a wand of polymorph (7)
Scrolls
 b - 2 scrolls of amnesia {unknown}
 d - 2 scrolls of blinking {unknown}
 g - 2 scrolls of teleportation {unknown}
 h - 2 scrolls of identify {unknown}
 j - a scroll of holy word {unknown}
 l - a scroll of summoning {unknown}
 o - a scroll of acquirement {unknown}
 s - a scroll of fear {unknown}
Potions
 a - 2 potions of mutation {unknown}
 e - a potion of brilliance {unknown}
 n - a potion of heal wounds
 q - a potion of invisibility {unknown}
 r - a potion of flight {unknown}
 t - a potion of curing


   Skills:
 - Level 1.7 Dodging
 - Level 1.7 Stealth
 + Level 3.7 Shields
 + Level 4.4 Spellcasting
 * Level 6.2 Ice Magic


You had 7 spell levels left.
You knew the following spells:

 Your Spells              Type           Power      Damage    Failure   Level
a - Freeze                Ice            96%        1d11      1%          1
b - Frozen Ramparts       Ice            48%        1d6       3%          3
c - Ozocubu's Armour      Ice            24%        N/A       3%          3

Your spell library contained the following spells:

 Spells                   Type           Power      Damage    Failure   Level
 Ensorcelled Hibernation  Hex/Ice        28%        N/A       7%          2
 Animate Skeleton         Necr           6%         N/A       16%         1
 Apportation              Tloc           6%         N/A       16%         1
 Beastly Appendage        Tmut           6%         N/A       16%         1
 Corona                   Hex            3%         N/A       16%         1
 Shock                    Conj/Air       12%        1d3       16%         1
 Summon Small Mammal      Summ           12%        N/A       16%         1
 Hailstorm                Conj/Ice       14%        3d5       41%         4
 Confusing Touch          Hex            3%         N/A       43%         3
 Dazzling Flash           Conj/Hex       6%         N/A       43%         3
 Ignite Poison            Fire/Tmut/Pois 3%         N/A       43%         3
 Tukima's Dance           Hex            3%         N/A       43%         3
 Metabolic Englaciation   Hex/Ice        7%         N/A       77%         5
 Statue Form              Tmut/Erth      2%         N/A       100%        6
 Tornado                  Air            1%         N/A       100%        9


Dungeon Overview and Level Annotations

Branches:
Dungeon (4/15)
 Temple: D:4-7

Altars:
Sif Muna

Shops:
D:1 (?(:   D:3 [   D:4 !


Innate Abilities, Weirdness & Mutations

You can breathe blasts of fire.
Your fiery red scales are hard. (AC +6)
You cannot fit into any form of body armour.
Your flesh is heat resistant. (rF+)
You are cold-blooded and may be slowed by cold attacks.


Message History

The iguana barely misses you. The iguana bites you.
* * * LOW HITPOINT WARNING * * *
The iguana bites you.
* * * LOW HITPOINT WARNING * * *
The iguana bites you!
* * * LOW HITPOINT WARNING * * *
The iguana completely misses you.
The iguana bites you but does no damage.
The iguana closely misses you. The iguana completely misses you.
The iguana barely misses you. You block the iguana's attack.
The iguana bites you but does no damage.
The iguana bites you but does no damage.
You block the iguana's attack. The iguana bites you.
* * * LOW HITPOINT WARNING * * *
The iguana closely misses you. You block the iguana's attack.
The iguana closely misses you.
The iguana hisses menacingly.
You block the iguana's attack. The iguana misses you.
You block the iguana's attack. The iguana barely misses you.
The iguana bites you but does no damage.
You block the iguana's attack. The iguana misses you.
The iguana barely misses you. You block the iguana's attack.
The iguana barely misses you. The iguana barely misses you.
The iguana bites you.
* * * LOW HITPOINT WARNING * * *
The iguana barely misses you. The iguana closely misses you.
The iguana barely misses you. The iguana bites you!
You die...

. .. ... .... .....
################......
#.............@l......
#.##############......
#.#############################
#..............................
#...#..#..#..#..#..#..#..#..#..
#..............)..........†....
#...#..#..#..#..#..#..#..#..#..
#....).........................
###############################


You could see an iguana.

Vanquished Creatures
  Pikel (D:4)
  4 lemures (D:4)
  A phantom (D:3)
  An orc priest (D:3)
  A hound (D:4)
  Jessica (D:3)
  Natasha (twice) (D:3)
  A howler monkey zombie (D:2)
  5 adders
  A gnoll (D:1)
  2 worms
  3 dart slugs
  4 orcs (D:3)
  9 ball pythons
  5 bats
  An endoplasm (D:3)
  2 giant cockroaches
  5 goblins
  6 hobgoblins
  8 jackals
  7 kobolds
  A quokka (D:3)
  2 frilled lizards
  10 rats
83 creatures vanquished.

Notes
Turn   | Place    | Note
-------+----------+-------------------------------------------
     0 | D:1      | tardwrangler69 the Draconian Ice Elementalist began the
                  | quest for the Orb.
     0 | D:1      | Reached XP level 1. HP: 14/14 MP: 3/3
   146 | D:1      | Found Dumajec's Weapon Emporium.
   187 | D:1      | Reached XP level 2. HP: 20/20 MP: 0/5
   317 | D:1      | Found Qenegixa's Magic Scroll Shop.
   623 | D:1      | Found Vacwynak's Book Shop.
   766 | D:1      | Found a faded altar of an unknown god.
   775 | D:1      | Found Famenwej's Antique Weapon Emporium.
   805 | D:1      | Reached XP level 3. HP: 25/26 MP: 3/6
   809 | D:1      | Learned a level 3 spell: Frozen Ramparts
  1588 | D:1      | Learned a level 3 spell: Ozocubu's Armour
  1772 | D:2      | Found a shimmering blue altar of Sif Muna.
  1816 | D:2      | Reached skill level 5 in Ice Magic
  2260 | D:2      | Reached XP level 4. HP: 10/33 MP: 6/8
  2764 | D:2      | Reached skill level 1 in Shields
  3393 | D:3      | Found Osuddink's Armour Shoppe.
  3509 | D:3      | Noticed a phantom
  3558 | D:3      | Killed a phantom
  3559 | D:3      | Reached XP level 5. HP: 14/38 MP: 0/9
  3966 | D:3      | Noticed Natasha
  3972 | D:3      | Killed Natasha
  3973 | D:3      | Reached skill level 6 in Ice Magic
  4082 | D:3      | Reached XP level 6. HP: 38/45 MP: 11/11
  4259 | D:3      | Noticed Jessica
  4263 | D:3      | Killed Jessica
  4425 | D:3      | Noticed Natasha
  4431 | D:3      | Killed Natasha
  4509 | D:4      | Found Tekkebloqim's Distillery.
  4518 | D:4      | Bought a potion of heal wounds for 60 gold pieces
  4615 | D:4      | Identified the Catalogue of Mutagenic Lightness
  4747 | D:4      | Noticed Pikel
  4765 | D:4      | HP: 2/45 [Pikel/+1 whip of flaming (4)]
  4766 | D:4      | Killed Pikel
  4767 | D:4      | Reached skill level 7 in Ice Magic
  4767 | D:4      | Your scales start taking on a fiery red colour.
  4767 | D:4      | Reduced skill Ice Magic to level 6
  4767 | D:4      | Reached XP level 7. HP: 33/50 MP: 1/13
  4767 | D:4      | Gained mutation: Your flesh is heat resistant. (rF+) [Red
                  | Draconian growth]
  4987 | D:4      | Slain by an iguana

Illustrated notes

Levels and vault maps discovered:
D:1:      dpeg_arrival_round_b, layout_basic, ebering_ecumenical_altar_mist,
          serial_shops, shop, nicolae_shop_statue_plus, nicolae_shop_stone,
          shop, wad_floor_pattern_untrapped, chequers_serial_rivers_micro_e
D:2:      layout_basic, basic_altar
D:3:      layout_loops_ring, serial_shops, nicolae_shop_stone, uniq_natasha,
          uniq_jessica
D:4:      layout_gridville, serial_shops, nicolae_shop_trees,
          columned_hall_lemuel, uniq_pikel, uniq_ijyb

Skill      XL: |  1  2  3  4  5  6 |
---------------+-------------------+-----
Ice Magic      | 5 6 6 |  6.2
Shields        | 1 2 3 |  3.7
Spellcasting   | 3 4 |  4.4
Dodging        | |  1.7
Stealth        | |  1.7

Action                   |  1- 3 |  4- 6 |  7- 9 || total
-------------------------+-------+-------+-------++-------
Melee: Unarmed           |    15 |       |       ||    15
       Tailslap          |     9 |    16 |       ||    25
       Dagger            |   120 |   161 |       ||   281
       Trident           |       |    32 |     1 ||    33
 Cast: Freeze            |    21 |    12 |       ||    33
       Frozen Ramparts   |     2 |    14 |       ||    16
       Ozocubu's Armour  |     1 |     5 |       ||     6
  Use: Potion            |       |     5 |       ||     5
 Stab: Sleeping          |     2 |     2 |       ||     4
Armor: Skin              |    41 |    94 |     8 ||   143
Dodge: Dodged            |   112 |    98 |    29 ||   239
Block: Buckler           |     5 |    27 |    10 ||    42

Table legend: (Time is in decaauts)
 A = Elapsed time spent in this place.
 B = Non-inter-level travel time spent in this place.
 C = Inter-level travel time spent in this place.
 D = Time resting spent in this place.
 E = Time spent auto-exploring this place.
 F = Levels seen in this place.
 G = Mean time per level.
                   A        B        C        D        E       F      G
               +--------+--------+--------+--------+--------+-----+--------+
         Total |   5008 |   4850 |    158 |      0 |   4035 |   4 | 1252.0 |
       Dungeon |   5008 |   4850 |    158 |      0 |   4035 |   4 | 1252.0 |
               +--------+--------+--------+--------+--------+-----+--------+

Top non-repeatable levels by time:
     D:1: 1633 daAuts
     D:3: 1539 daAuts
     D:2: 1345 daAuts
     D:4: 489 daAuts
